AoeStats
← andres simijaca

Arabia

509792699Analyzed
1v1 RM · 4d ago on Sep 28, 2026· 16m 4s· 2 players
Game mode
Random Map
Map size
Tiny (2 player)
Population
200
Speed
Normal
Resources
Standard
Victory
Conquest
Starting age
Dark Age
Ending age
Imperial Age
RankedLock teamsTeams togetherTeam positionsShared explorationLock speedFull tech treeHidden civsTurbo modeCheats
Victory
Defeat
🇨🇴 Magyars · Colombia
784
+15
🇨🇱 Magyars · Chile
769
-15
SandovalBastian2002
5:20 Loom
13:53 Feudal Age
14:32 Double-Bit Axe
andres simijaca
7:25 Loom
11:10 Feudal Age
11:51 Horse Collar
11:59 Double-Bit Axe
15:29 Man-at-Arms
16:27 Scale Barding Armor
Connection lost

Rejoining the realm…

Still unreachable

The connection could not be restored.

Session expired

The server has moved on; the page needs a fresh start.